 Dungeon Sprint DCSS version 0.27-a0-1202-ge72e49191c (webtiles) character file.

Game seed: 11638906675211212524

1505 mhtbhm the Thaumaturge (level 8, -8/41 HPs)
             Began as a Deep Elf Earth Elementalist on June 2, 2021.
             Was a Believer of Vehumet.
             Mangled by a white ugly thing (25 damage)
             ... in the Dungeon (Sprint IX: "|||||||||||||||||||||||||||||").
             The game lasted 00:02:45 (1175 turns).

mhtbhm the Thaumaturge (DEEE)                       Turns: 1175, Time: 00:02:46

Health: -8/41      AC:  6    Str:  5    XL:     8   Next: 52%
Magic:  14/28      EV: 15    Int: 23    God:    Vehumet [**....]
Gold:   0          SH:  0    Dex: 18    Spells: 21/36 levels left

rFire    . . .     SeeInvis .   k - +2 rapier (drain)
rCold    . . .     Faith    .   (no shield)
rNeg     . . .     Spirit   .   c - +0 robe
rPois    .         Reflect  .   (no helmet)
rElec    .         Harm     .   m - +0 cloak
rCorr    .         Rampage  .   (no gloves)
Will     .....     NoTele   +   l - +0 pair of boots
Stlth    +++.......             (no amulet)
HPRegen  0.13/turn              n - +3 ring of dexterity
MPRegen  0.21/turn              o - +2 ring of protection

@: no status effects
A: no striking features
a: Renounce Religion


You were in the Dungeon.
You worshipped Vehumet.
Vehumet was pleased with you.
You visited 1 branch

Inventory:

Hand Weapons
 k - a +2 rapier of draining (weapon)
Missiles
 b - 10 stones
Armour
 c - a +0 robe (worn)
 l - a +0 pair of boots (worn)
 m - a +0 cloak (worn)
Jewellery
 n - a +3 ring of dexterity (left hand)
 o - a +2 ring of protection (right hand)
Wands
 j - a wand of iceblast (5)
Scrolls
 f - 2 scrolls of amnesia
 i - 2 scrolls of blinking
Potions
 a - a potion of invisibility
 d - a potion of heal wounds
 e - 4 potions of curing
 g - 3 potions of magic
 h - a potion of berserk rage


   Skills:
 + Level 0.2 Fighting
 + Level 5.5 Dodging
 + Level 5.9 Stealth
 + Level 14.9 Spellcasting
 + Level 3.0 Conjurations
 + Level 1.3 Transmutations
 + Level 14.1 Earth Magic
 + Level 2.4 Evocations


You had 21 spell levels left.
You knew the following spells:

 Your Spells              Type           Power      Damage    Failure   Level
a - Sandblast             Erth           100%       2d20      0%          1
b - Passwall              Tmut/Erth      43%        N/A       1%          2
c - Stone Arrow           Conj/Erth      100%       3d13      1%          3
d - Lee's Rapid Deconstr  Erth           35%        3d19*     1%          5
e - Petrify               Tmut/Erth      52%        N/A       1%          4

Your spell library contained the following spells:

 Spells                   Type           Power      Damage    Failure   Level
 Shock                    Conj/Air       96%        1d9       1%          1


Dungeon Overview and Level Annotations

Branches:
Dungeon (1/1)

Altars:
Cheibriados
Dithmenos
Elyvilon
Fedhas
Gozag
Hepliaklqana
Kikubaaqudgha
Makhleb
Nemelex Xobeh
Okawaru
Qazlal
Ru
Sif Muna
Trog
Uskayaw
Vehumet
Wu Jian
Xom
Yredelemnul
Zin
The Shining One
Beogh
Jiyva
Lugonu


Message History

Fragment what (e.g. wall or brittle monster)?: a white ugly thing An open door.
The stone door frame shatters!
The blast of rock fragments hits the white ugly thing!!
The white ugly thing is moderately wounded.
Unknown command.
Casting: Lee's Rapid Deconstruction (dangerous; 1% risk of failure)
Confirm with . or Enter, or press ? or * to list all spells.
Aiming: Lee's Rapid Deconstruction (dangerous; 1% risk of failure)
Press: ? - help, Dir - move target, f - gargoyle, p - white ugly thing Fragment what (e.g. wall or brittle monster)?: a gargoyle, wielding a +0 flail The gargoyle shatters!!
You blow up the gargoyle!
Vehumet accepts your kill. Vehumet offers you knowledge of Shock.
You feel your power returning.
The blast of rock fragments hits the cyclops!!!
The cyclops is severely wounded.
The white ugly thing kicks you! The white ugly thing freezes you!!
Ouch! That really hurt!
* * * LOW HITPOINT WARNING * * *
Your Conjurations skill increases to level 3!
Your Earth Magic skill increases to level 14!
Unknown command.
You feel much better. The white ugly thing barely misses you.
Unknown command.
Casting: Lee's Rapid Deconstruction (dangerous; 1% risk of failure)
Confirm with . or Enter, or press ? or * to list all spells.
Aiming: Lee's Rapid Deconstruction (dangerous; 1% risk of failure)
Press: ? - help, Dir - move target, f - wraith Fragment what (e.g. wall or brittle monster)?: a wraith An open door.
The stone door frame shatters!
The blast of rock fragments hits the wraith!!
The wraith is almost destroyed.
The blast of rock fragments hits the white ugly thing!!!
The white ugly thing is almost dead.
The white ugly thing kicks you! The white ugly thing freezes you!!
Ouch! That really hurt!
You die... ▓▓▓▓▓▓▓▓▓▓▓▓▓▓▓▓▓▓▓▓▓▓▓▓▓ _'..)...[.÷)....@uW..Cu.Q ▓▓▓▓▓▓▓▓▓▓▓▓▓▓▓▓▓▓▓▓▓▓▓▓▓

You could see 2 ugly things, a cyclops and a wraith.

Vanquished Creatures
  A gargoyle (D)
  3 trolls (D)
  A hornet (D)
  A wyvern (D)
  A centaur (D)
  A scorpion (D)
  2 hounds (D)
  An iguana (D)
  An adder (D)
  A giant cockroach (D)
  A hobgoblin (D)
  2 quokkas (D)
  A ball python (D)
17 creatures vanquished.

Notes
Turn   | Place    | Note
-------+----------+-------------------------------------------
     0 | D        | mhtbhm the Deep Elf Earth Elementalist began the quest for
                  | the Orb.
     0 | D        | Reached XP level 1. HP: 10/10 MP: 6/6
   179 | D        | Noticed a scorpion
   179 | D        | Noticed a hound
   179 | D        | Noticed a hound
   179 | D        | Noticed an iguana
   193 | D        | Killed a scorpion
   194 | D        | Reached XP level 2. HP: 4/15 MP: 1/11
   194 | D        | Reached XP level 3. HP: 5/19 MP: 1/13
   198 | D        | Reached XP level 4. HP: 2/24 MP: 0/15
   492 | D        | Learned a level 2 spell: Passwall
   496 | D        | Learned a level 3 spell: Stone Arrow
   511 | D        | Reached XP level 5. HP: 28/28 MP: 11/18
   673 | D        | Learned a level 5 spell: Lee's Rapid Deconstruction
   678 | D        | Learned a level 4 spell: Petrify
   686 | D        | Found a snail-covered altar of Cheibriados.
   686 | D        | Found a shadowy altar of Dithmenos.
   686 | D        | Found a white marble altar of Elyvilon.
   686 | D        | Found a blossoming altar of Fedhas.
   686 | D        | Found an opulent altar of Gozag.
   687 | D        | Found a hazy altar of Hepliaklqana.
   688 | D        | Found a viscous altar of Jiyva.
   689 | D        | Found an ancient bone altar of Kikubaaqudgha.
   690 | D        | Found a corrupted altar of Lugonu.
   691 | D        | Found a burning altar of Makhleb.
   692 | D        | Found a sparkling altar of Nemelex Xobeh.
   693 | D        | Found an iron altar of Okawaru.
   694 | D        | Found a stormy altar of Qazlal.
   695 | D        | Found a sacrificial altar of Ru.
   696 | D        | Found a shimmering blue altar of Sif Muna.
   697 | D        | Found a bloodstained altar of Trog.
   698 | D        | Found a hide-covered altar of Uskayaw.
   699 | D        | Found a radiant altar of Vehumet.
   700 | D        | Found an ornate altar of the Wu Jian Council.
   701 | D        | Found a shimmering altar of Xom.
   702 | D        | Found a basalt altar of Yredelemnul.
   703 | D        | Found a glowing silver altar of Zin.
   704 | D        | Found a glowing golden altar of the Shining One.
   707 | D        | Became a worshipper of Vehumet
   745 | D        | Noticed a troll
   745 | D        | Noticed a centaur
   745 | D        | Noticed a troll
   745 | D        | Noticed a troll
   745 | D        | Noticed a hornet
   745 | D        | Noticed a wyvern
   749 | D        | Killed a troll
   750 | D        | Reached skill level 5 in Dodging
   750 | D        | Reached skill level 5 in Stealth
   750 | D        | Reached skill level 1 in Conjurations
   750 | D        | Reached XP level 6. HP: 32/32 MP: 7/22
   808 | D        | Killed a troll
   808 | D        | Reached * piety under Vehumet
   808 | D        | Offered knowledge of Foxfire by Vehumet.
   809 | D        | Reached XP level 7. HP: 32/36 MP: 5/25
   814 | D        | Killed a hornet
   815 | D        | Reached skill level 1 in Evocations
   815 | D        | Killed a troll
   816 | D        | Reached XP level 8. HP: 28/41 MP: 1/27
   818 | D        | Reached ** piety under Vehumet
  1170 | D        | Noticed a white ugly thing
  1170 | D        | Noticed a gargoyle
  1170 | D        | Noticed a cyclops
  1170 | D        | Noticed a brown ugly thing
  1170 | D        | Noticed a tengu warrior
  1173 | D        | Killed a gargoyle
  1173 | D        | Offered knowledge of Shock by Vehumet.
  1175 | D        | Mangled by a white ugly thing

Illustrated notes

Levels and vault maps discovered:
D:        linesprint [early_d, line_temple, items_1, d_10, items_2, lair_1,
          lair_end, items_3, orc_1, orc_end, items_4, d_15, swamp_1, shoals_1,
          snake_1, spider_1, d_20, vaults_1, items_5, swamp_end, shoals_end,
          snake_end, spider_end, vaults_end, d_27, items_6, zot_1, zot_end,
          crypt_end, forest_end, elf_end, slime_end, tomb_end, abyss_end,
          pan_hell_end]

Skill      XL: |  1  2  3  4  5  6  7  8 |
---------------+-------------------------+-----
Earth Magic    | 6 7 8 11 12 13 14 | 14.1
Spellcasting   | 6 7 8 11 12 13 14 | 14.9
Dodging        | 3 4 5 |  5.5
Stealth        | 3 4 5 |  5.9
Conjurations   | 1 2 3 |  3.0
Evocations     | 1 2 |  2.4
Fighting       | |  0.2
Transmutations | |  1.3

Action                   |  1- 3 |  4- 6 |  7- 9 || total
-------------------------+-------+-------+-------++-------
 Cast: Sandblast         |    14 |     2 |     4 ||    20
       Stone Arrow       |       |     4 |     1 ||     5
       Lee's Rapid Decon |       |     2 |     4 ||     6
       Petrify           |       |     2 |       ||     2
Evoke: Wand              |       |     3 |     2 ||     5
  Use: Potion            |     3 |       |     2 ||     5
Armor: Robe              |     2 |     1 |     1 ||     4
Dodge: Dodged            |     5 |     4 |     3 ||    12

Table legend: (Time is in decaauts)
 A = Elapsed time spent in this place.
 B = Non-inter-level travel time spent in this place.
 C = Inter-level travel time spent in this place.
 D = Time resting spent in this place.
 E = Time spent auto-exploring this place.
 F = Levels seen in this place.
 G = Mean time per level.
                   A        B        C        D        E       F      G
               +--------+--------+--------+--------+--------+-----+--------+
         Total |   1154 |   1154 |      0 |    903 |     45 |   1 | 1154.0 |
       Dungeon |   1154 |   1154 |      0 |    903 |     45 |   1 | 1154.0 |
               +--------+--------+--------+--------+--------+-----+--------+

Top non-repeatable levels by time:
       D: 1154 daAuts
